 Dungeon Crawl Stone Soup version 0.20-a0-3-g334f831 (webtiles) character file.

15399 dobroeutro the Fighter (level 12, 0/88 HPs)
             Began as a Gargoyle Fighter on Oct 31, 2016.
             Was the Champion of Okawaru.
             Slain by a two-headed ogre
             ... wielding a +0 giant spiked club
              (7 damage)
             ... on level 12 of the Dungeon.
             The game lasted 00:21:57 (11290 turns).

dobroeutro the Fighter (Gargoyle Fighter)          Turns: 11290, Time: 00:21:58

Health: 0/88       AC: 22    Str: 23      XL:     12   Next: 26%
Magic:  12/12      EV: 11    Int:  6 (9)  God:    Okawaru [******]
Gold:   667        SH: 14    Dex:  9      Spells: 0 memorised, 11 levels left

rFire  . . .     SeeInvis .     O - +2 morningstar
rCold  + . .     Gourm    .     E - +0 scale mail {rC+}
rNeg   + + .     Faith    .     c - +0 shield
rPois  ∞         Spirit   .     w - +0 helmet
rElec  +         Reflect  .     t - +2 cloak
rCorr  .         Harm     .     v - +0 pair of gloves
MR     .....     Clarity  +     (no boots)
Stlth  ..........               (no amulet)
                                N - ring of positive energy
                                P - +3 ring of slaying

@: no status effects
A: hooves 1, large bone plates 1, yellow scales 1, blurry vision 2, clarity,
clumsy 1, deformed body, deterioration 1, negative energy resistance 1, robust
1, screaming 1, electricity resistance, unbreathing, petrification resistance,
rot immunity, AC +8
a: Heroism, Finesse, Renounce Religion


You were on level 12 of the Dungeon.
You worshipped Okawaru.
Okawaru was exalted by your worship.
You were very hungry.

You visited 2 branches of the dungeon, and saw 13 of its levels.

You collected 667 gold pieces.

Inventory:

Hand Weapons
 a - a +1 flail
 O - a +2 morningstar (weapon)
Armour
 c - a +0 shield (worn)
 t - a +2 cloak (worn)
 v - a +0 pair of gloves (worn)
 w - a +0 helmet (worn)
 E - a +0 scale mail of cold resistance (worn)
Magical Staves
 x - an uncursed staff of earth
Jewellery
 N - a ring of positive energy (right hand)
 P - a +3 ring of slaying (left hand)
Wands
 b - a wand of flame (47/48)
 y - a wand of flame (38/48)
 z - a wand of slowing (24/48)
Scrolls
 g - a scroll of magic mapping
 i - 6 scrolls of remove curse
 j - a scroll of immolation
 k - 3 scrolls of noise
 s - 5 scrolls of teleportation
 B - 4 scrolls of enchant weapon
 F - 3 scrolls of blinking
 J - 2 scrolls of enchant armour
 L - a scroll of recharging
Potions
 d - 2 potions of might
 l - 2 potions of berserk rage
 n - 2 potions of flight
 o - a potion of magic
 p - 3 potions of agility
 q - 2 potions of invisibility
 r - 2 potions of resistance
 u - 5 potions of heal wounds {unknown}
 A - 2 potions of curing
 D - a potion of haste
 G - 3 potions of lignification {unknown}
 I - 3 potions of cancellation {unknown}
 K - a potion of mutation {unknown}
 Q - a potion of brilliance {unknown}
Books
 M - a book of Callings

   Spells                             Type                      Level
   a - Summon Small Mammal            Summoning                    1
   b - Call Imp                       Summoning                    2
   c - Call Canine Familiar           Summoning                    3
   d - Summon Guardian Golem          Hexes/Summoning              3
   e - Summon Lightning Spire         Summoning/Air                4
   f - Summon Ice Beast               Ice/Summoning                4
Comestibles
 f - 8 bread rations
 h - 6 meat rations
 m - a royal jelly
 C - 3 slices of pizza
 H - 8 beef jerkies


   Skills:
 + Level 11.4 Fighting
 + Level 10.5 Maces & Flails
 - Level 10.1 Armour
 - Level 8.0 Dodging
 - Level 5.0 Shields


You had 11 spell levels left.
You didn't know any spells.

Dungeon Overview and Level Annotations

Branches:
Dungeon (12/15)            Temple (1/1) D:5            Lair (0/6) D:9
    Orc (0/2) D:12

Altars:
Ashenzari
Cheibriados
Dithmenos
Fedhas
Gozag
Hepliaklqana
Kikubaaqudgha
Okawaru
Ru
Sif Muna
Trog
Uskayaw
Xom
Yredelemnul
Zin
The Shining One

Shops:
D:7 !   D:12 *

Annotations:
D:7 TotoDurand's ghost, novice TrMo


Innate Abilities, Weirdness & Mutations

You are resistant to torment.
Your stone body is resilient. (AC +8)
You are immune to poison.
You resist negative energy. (rN+)
You are resistant to electric shocks. (rElec)
You can survive without breathing.
You are immune to petrification.
You are immune to rotting.
You have large cloven feet.
You are partially covered in large bone plates. (SH +4)
You are partially covered in yellow scales. (AC +2)
Scrolls take you longer to read.
You possess an exceptional clarity of mind.
You are clumsy. (Dex -2)
Armour fits poorly on your strangely shaped body.
Your body sometimes deteriorates upon taking damage.
You are robust. (+10% HP)
You occasionally shout uncontrollably at your foes.


Message History

a great sword; a robe You see here a giant club.
Two slime creatures merge to form a large slime creature.
Things that are here:
a short sword; a robe A worker ant comes into view.
The worker ant twitches its antennae in your direction.
The worker ant waves its antennae.
The worker ant barely misses you. The worker ant bites you.
* * * LOW HITPOINT WARNING * * *
You block the worker ant's attack.
A two-headed ogre comes into view.
It is wielding a giant spiked club and a giant club.
You shout at the two-headed ogre!
The two-headed ogre moves out of view.
The worker ant barely misses you.
The two-headed ogre hits you with a giant spiked club!
* * * LOW HITPOINT WARNING * * *
Your body deteriorates!
You feel dopey.
The two-headed ogre hits you with a giant club!
You die...

............#..## #.....
)...........#...# #$$$..
............#...# #$_$..
............#...# #$$$..
............#..########### #.....
............'..#.........####....
#####.).....#(.'.........#..#....
#...#.......#..#.........#..#....
#...#.......#.o#@........#..#....
#...#.......#..#.O...)...#..#....
#...#.......+..#a...#'####..##...
##..#.......#..#....#........#...
##..#(......#..#J...#........#...
....#(......#..#....#........#...
....#.......#..#....#))#######...
....).......#..#J...#..#.......##
....#.......+..#....'..#.......#.


You could see a large slime creature, a slime creature, a two-headed ogre and a
worker ant.

Vanquished Creatures
  Sonja (D:10)
  An unseen horror (D:11)
  3 hill giants
  A cyclops (D:12)
  5 ugly things
  The ghost of B1inky the Shield-Bearer, a novice OpFi of Gozag (D:6)
  Joseph (D:7)
  A gargoyle (D:10)
  2 trolls (D:9)
  2 hornets
  Grinder (D:6)
  A slime creature (D:12)
  A hippogriff (D:11)
  A shadow (D:12)
  4 wyverns
  2 basilisks (D:12)
  8 orc warriors
  3 ice beasts
  2 sky beasts
  4 phantoms
  A black bear (D:6)
  2 necrophages
  7 ogres
  3 centaurs
  A crocodile (D:11)
  7 bullfrogs
  A gnoll sergeant (D:5)
  A water moccasin zombie (D:9)
  A scorpion (D:6)
  16 killer bees
  10 wights
  2 howler monkeys
  7 crimson imps
  2 centaur zombies
  Crazy Yiuf (D:2)
  2 bullfrog zombies
  5 hounds
  12 orc priests
  15 orc wizards
  4 bullfrog skeletons
  A centaur skeleton (D:6)
  8 iguanas
  10 worker ants
  2 hound zombies
  A hound skeleton (D:8)
  A howler monkey zombie (D:11)
  2 worker ant zombies
  5 gnolls (D:5)
  20 adders
  3 adder zombies
  3 adder skeletons
  A worm (D:2)
  3 dart slugs
  3 leopard geckos
  57 orcs
  6 bats
  5 giant cockroaches
  7 goblins
  13 hobgoblins
  14 jackals
  2 quokkas
  2 frilled lizards
  7 kobolds
  A quokka skeleton (D:6)
  A quokka zombie (D:5)
  7 rats
330 creatures vanquished.

Vanquished Creatures (others)
  A fungus (D:9)
1 creature vanquished.

Grand Total: 331 creatures vanquished

Notes
Turn   | Place    | Note
-------+----------+-------------------------------------------
     0 | D:1      | dobroeutro the Gargoyle Fighter began the quest for the Orb.
     0 | D:1      | Reached XP level 1. HP: 14/14 MP: 1/1
   187 | D:1      | Reached XP level 2. HP: 19/19 MP: 2/2
   503 | D:1      | Reached skill level 1 in Dodging
   578 | D:1      | Reached XP level 3. HP: 23/23 MP: 3/3
   994 | D:2      | Reached XP level 4. HP: 28/28 MP: 4/4
  1101 | D:2      | Found a runed door.
  1284 | D:2      | Noticed Crazy Yiuf
  1290 | D:2      | Killed Crazy Yiuf
  1290 | D:2      | Reached skill level 4 in Fighting
  1379 | D:3      | Reached XP level 5. HP: 22/33 MP: 5/5
  1990 | D:3      | Reached XP level 6. HP: 39/39 MP: 6/6
  2138 | D:4      | Reached skill level 5 in Armour
  2160 | D:4      | Reached XP level 7. HP: 41/44 MP: 7/7
  2395 | D:4      | Reached skill level 5 in Fighting
  2569 | D:5      | Entered Level 5 of the Dungeon
  2905 | D:5      | Reached XP level 8. HP: 51/51 MP: 8/8
  2954 | D:5      | Reached skill level 5 in Maces & Flails
  3082 | D:5      | Reached skill level 6 in Fighting
  3107 | D:5      | Found a staircase to the Ecumenical Temple.
  3124 | Temple   | Entered the Ecumenical Temple
  3176 | Temple   | Became a worshipper of Warmaster Okawaru
  3285 | D:5      | Found an opulent altar of Gozag.
  3754 | D:6      | Noticed Grinder
  3838 | D:6      | Paralysed by Grinder for 7 turns
  3855 | D:6      | Killed Grinder
  3942 | D:6      | Reached * piety under Okawaru
  3942 | D:6      | Reached XP level 9. HP: 39/56 MP: 9/9
  3948 | D:6      | Reached skill level 7 in Fighting
  4306 | D:6      | Noticed B1inky's ghost (novice OpFi)
  4344 | D:6      | Killed B1inky's ghost
  4344 | D:6      | Reached ** piety under Okawaru
  4344 | D:6      | Reached skill level 5 in Dodging
  4475 | D:7      | Noticed Joseph
  4538 | D:7      | Found a shimmering altar of Xom.
  4621 | D:7      | Killed Joseph
  4621 | D:7      | Reached skill level 8 in Fighting
  4717 | D:7      | Found Liegum's Distillery.
  4718 | D:7      | Noticed TotoDurand's ghost (novice TrMo)
  4970 | D:7      | Found a bloodstained altar of Trog.
  4975 | D:7      | Found a glowing silver altar of Zin.
  4975 | D:7      | Found a shattered altar of Ashenzari.
  4978 | D:7      | Found a snail-covered altar of Cheibriados.
  4978 | D:7      | Found a blossoming altar of Fedhas.
  4979 | D:7      | Found an ancient bone altar of Kikubaaqudgha.
  5009 | D:7      | Reached XP level 10. HP: 54/64 MP: 10/10
  5094 | D:7      | Reached *** piety under Okawaru
  5705 | D:7      | Gained mutation: Scrolls take you a little longer to read. [mutagenic meat]
  5706 | D:7      | Gained mutation: You possess an exceptional clarity of mind. [mutagenic meat]
  5707 | D:7      | Gained mutation: You have large cloven feet. [mutagenic meat]
  5708 | D:7      | Gained mutation: You are partially covered in large bone plates. (SH +4) [mutagenic meat]
  5709 | D:7      | Gained mutation: Scrolls take you longer to read. [mutagenic meat]
  6335 | D:8      | Reached skill level 9 in Fighting
  6597 | D:8      | Gained mutation: You are clumsy. (Dex -2) [mutagenic meat]
  6599 | D:8      | Gained mutation: You occasionally shout uncontrollably at your foes. [mutagenic meat]
  6600 | D:8      | Gained mutation: You are robust. (+10% HP) [mutagenic meat]
  6601 | D:8      | Gained mutation: Your body sometimes deteriorates upon taking damage. [mutagenic meat]
  6757 | D:9      | Found a staircase to the Lair.
  6826 | D:9      | Reached **** piety under Okawaru
  6878 | D:9      | Paralysed by fainting for 11 turns
  7797 | D:10     | Entered Level 10 of the Dungeon
  7797 | D:10     | Noticed a hill giant
  7821 | D:9      | Received a gift from Okawaru
  7821 | D:9      | Reached XP level 11. HP: 63/78 MP: 11/11
  7938 | D:10     | Found a shattered altar of Ashenzari.
  8069 | D:10     | Killed a hill giant
  8075 | D:10     | Noticed a hill giant
  8083 | D:10     | Killed a hill giant
  8184 | D:10     | Noticed Sonja
  8229 | D:10     | Killed Sonja
  8229 | D:10     | Reached ***** piety under Okawaru
  8229 | D:10     | Reached skill level 10 in Fighting
  8534 | D:11     | Noticed a red ugly thing
  8561 | D:10     | Killed a red ugly thing
  8561 | D:10     | Reached skill level 10 in Armour
  9437 | D:11     | Noticed a purple ugly thing
  9456 | D:10     | Killed a purple ugly thing
  9475 | D:10     | Gained mutation: Armour fits poorly on your strangely shaped body. [mutagenic meat]
  9729 | D:11     | Killed an unseen horror
  9833 | D:11     | Received a gift from Okawaru
 10067 | D:11     | Noticed a green ugly thing
 10089 | D:11     | Killed a green ugly thing
 10205 | D:12     | Noticed a cyclops
 10301 | D:12     | Found a staircase to the Orcish Mines.
 10630 | D:12     | Reached XP level 12. HP: 80/86 MP: 12/12
 10679 | D:12     | Reached skill level 5 in Shields
 10699 | D:12     | Reached skill level 10 in Maces & Flails
 10746 | D:12     | Found Pynoacli's Assorted Antiques.
 10872 | D:12     | Reached skill level 11 in Fighting
 10897 | D:12     | Gained mutation: You are partially covered in yellow scales. (AC +2) [mutagenic meat]
 10945 | D:12     | Reached ****** piety under Okawaru
 11230 | D:12     | Found an opulent altar of Gozag.
 11290 | D:12     | Slain by a two-headed ogre

Vault maps used:
D:1:      minmay_arrival_wavy_path
D:2:      uniq_crazy_yiuf_cottage
D:3:      first_bread
D:4:      minmay_close_crescents
D:5:      nicolae_overflow_crystal_walls, hangedman_decor_growths
D:6:      uniq_grinder
D:7:      grunt_temple_overflow_open, serial_shops, shop, uniq_joseph
D:8:      grunt_ogre_cave
D:9:      lair_0_dummy, special_room, fungi_pond_lemuel
D:10:     minmay_tree_intersection, ashenzari_altar_1, uniq_sonja
D:11:     kennysheep_generic_room_2
D:12:     erik_orc_3, serial_shops, shop, grunt_ministairs_2,
          nicolae_gozag_seed_capital, uniq_josephine
Temple:   dshaligram_water_room_temple

Skill      XL: |  1  2  3  4  5  6  7  8  9 10 11 12 |
---------------+-------------------------------------+-----
Dodging        | 1 2 3 4 5 6 8 |  8.0
Fighting       | 4 5 6 8 9 10 11 | 11.4
Maces & Flails | 3 4 5 7 8 9 10 | 10.5
Armour         | 4 5 7 8 9 10 | 10.1
Shields        | 4 5 |  5.0

Action                   |  1- 3 |  4- 6 |  7- 9 | 10-12 || total
-------------------------+-------+-------+-------+-------++-------
Melee: Flail             |    99 |       |    46 |   783 ||   928
       Whip              |    29 |   221 |   428 |       ||   678
       Kick              |       |       |       |   240 ||   240
       Morningstar       |       |       |       |   318 ||   318
Invok: Heroism           |       |       |       |     4 ||     4
  Use: Scroll            |       |       |       |    18 ||    18
  Eat: Chunk             |     1 |     4 |     9 |    33 ||    47
       Royal jelly       |       |       |       |     2 ||     2
Armor: Scale mail        |    74 |   153 |   215 |   515 ||   957
Dodge: Dodged            |    32 |    89 |   159 |   356 ||   636
Block: Shield            |    79 |   122 |   212 |   739 ||  1152
